 Dungeon Crawl Stone Soup version 0.21-a0-536-gdbbf329 (webtiles) character file.

237 slep the Covered (level 6, -6/48 HPs)
             Began as a Barachi Fighter on Dec 15, 2017.
             Was an Initiate of Okawaru.
             Mangled by a worm (8 damage)
             ... on level 3 of the Dungeon.
             The game lasted 00:07:13 (1663 turns).

slep the Covered (Barachi Fighter)                  Turns: 1663, Time: 00:07:14

Health: -6/48      AC:  9    Str: 17    XL:     6   Next: 6%
Magic:  6/6        EV:  5    Int:  9    God:    Okawaru [......]
Gold:   148        SH:  9    Dex: 13    Spells: 5/5 levels left

rFire    . . .     SeeInvis .   a - +0 war axe
rCold    . . .     Gourm    .   c - +0 shield
rNeg     . . .     Faith    .   p - +0 chain mail (curse)
rPois    .         Spirit   .   (no helmet)
rElec    .         Reflect  .   (no cloak)
rCorr    .         Harm     .   (no gloves)
MR       .....                  (no boots)
Stlth    ..........             (no amulet)
HPRegen  0.16/turn              (no ring)
MPRegen  0.10/turn              (no ring)

@: drained, slow
A: +LOS, swims, slowness 1, strong legs 1
a: Hop, Renounce Religion


You were on level 3 of the Dungeon.
You worshipped Okawaru.
Okawaru was noncommittal.
You were not hungry.

You visited 1 branch of the dungeon, and saw 3 of its levels.

You collected 148 gold pieces.

Inventory:

Hand Weapons
 a - a +0 war axe (weapon)
Armour
 b - a +0 scale mail
 c - a +0 shield (worn)
 p - a cursed +0 chain mail (worn)
 v - a +1 robe of magic resistance
Scrolls
 e - a scroll of blinking {unknown}
 g - a scroll of amnesia {unknown}
 h - a scroll of fear {unknown}
 i - 2 scrolls of identify {unknown}
 m - a scroll of remove curse {unknown}
 n - a scroll of enchant armour {unknown}
 o - 3 scrolls of teleportation {unknown}
 q - a scroll of magic mapping {unknown}
 r - a scroll of enchant weapon {unknown}
Potions
 d - a potion of might
 j - a potion of haste {unknown}
 w - a potion of heal wounds {unknown}
Books
 k - a book of Minor Magic

   Spells                             Type                      Level
   a - Magic Dart                     Conjuration                  1
   b - Blink                          Translocation                2
   c - Call Imp                       Summoning                    2
   d - Slow                           Hexes                        2
   e - Conjure Flame                  Conjuration/Fire             3
   f - Mephitic Cloud                 Conjuration/Poison/Air       3
 u - Sif Muna's Papyrus of Illusion
   (You found it on level 3 of the Dungeon)

   Spells                             Type                      Level
   a - Summon Small Mammal            Summoning                    1
Comestibles
 f - 3 bread rations
 l - 2 royal jellies
 s - 4 chunks of flesh
 t - a meat ration


   Skills:
 + Level 4.2(3.9) Fighting
 + Level 4.4(4.1) Axes
 + Level 4.6(4.3) Armour
 + Level 1.9(1.6) Dodging
 + Level 4.3(3.9) Shields


You had 5 spell levels left.
You didn't know any spells.

Dungeon Overview and Level Annotations

Branches:
Dungeon (3/15)

Altars:
Dithmenos
Kikubaaqudgha
Okawaru
Qazlal
Sif Muna


Innate Abilities, Weirdness & Mutations

Shadows flee at your approach. (+LOS)
You can swim through water.
You cover ground slowly.
You can hop short distances.


Message History

Found a bread ration.
You hit the worm but do no damage. You slash the worm!
The worm is severely wounded.
The worm bites you!
* * * LOW HITPOINT WARNING * * *
You hit the worm.
The worm is severely wounded.
The worm bites you but does no damage.
You barely miss the worm.
The worm is heavily wounded.
The worm bites you.
* * * LOW HITPOINT WARNING * * *
Your shield and chain mail prevent you from hitting the worm.
The worm is heavily wounded.
You block the worm's attack.
You hit the worm.
The worm is almost dead.
The worm bites you!
You die...

#.####..# .. ... .#..#
..# ### #.# .... ..##
..######.# #..# ....
.8#..≈.#.####%.####>)#
_.'..≈>#.. ..........
)8#..≈.#.# #.....#
..######.####...w.#
#### ###........@.#
...# #..#####..$..#
#.####..#####......#
....<......#####.#.#
#.##.#...#......_..#
#.##.##.## .####.###
#......)# # #.#
####.##.# %.. #<##..
#.#


You could see a worm.

Vanquished Creatures
  2 orc wizards (D:3)
  A worker ant (D:3)
  6 adders
  An ooze (D:2)
  2 worms (D:3)
  5 dart slugs
  3 leopard geckos
  4 orcs (D:3)
  A giant cockroach (D:1)
  8 goblins
  14 hobgoblins
  4 jackals (D:2)
  5 kobolds
  2 ball pythons
  11 bats
  2 frilled lizards
  6 rats
77 creatures vanquished.

Notes
Turn   | Place    | Note
-------+----------+-------------------------------------------
     0 | D:1      | slep the Barachi Fighter began the quest for the Orb.
     0 | D:1      | Reached XP level 1. HP: 18/18 MP: 1/1
    60 | D:1      | Reached XP level 2. HP: 25/25 MP: 2/2
   205 | D:1      | Reached XP level 3. HP: 14/30 MP: 3/3
   448 | D:2      | Reached skill level 1 in Dodging
   448 | D:2      | Reached XP level 4. HP: 36/37 MP: 4/4
   801 | D:2      | Found a shadowy altar of Dithmenos.
  1284 | D:3      | Found a stormy altar of Qazlal.
  1322 | D:3      | Reached XP level 5. HP: 34/42 MP: 5/5
  1436 | D:3      | Found an iron altar of Okawaru.
  1450 | D:3      | Became a worshipper of Warmaster Okawaru
  1510 | D:3      | Found a deep blue altar of Sif Muna.
  1567 | D:3      | HP: 1/42 [something/magic dart (8)]
  1569 | D:3      | Reached XP level 6. HP: 1/48 MP: 6/6
  1570 | D:3      | Identified Sif Muna's Papyrus of Illusion
  1598 | D:3      | Found an ancient bone altar of Kikubaaqudgha.
  1661 | D:3      | HP: 2/48 [worm (6)]
  1663 | D:3      | Mangled by a worm

Vault maps used:
D:1:      dpeg_arrival_triangle_fractal
D:2:      nicolae_overflow_crystal_walls
D:3:      led_sif_book, lemuel_round_altar, lemuel_crystal_altar,
          overflow_temple_1_default, first_bread

Skill      XL: |  1  2  3  4  5 |
---------------+----------------+-----
Fighting       | 4 |  4.2
Armour         | 4 |  4.6
Axes           | 3 4 |  4.4
Dodging        | 1 |  1.9
Shields        | 4 |  4.3

Action                   |  1- 3 |  4- 6 || total
-------------------------+-------+-------++-------
Melee: War axe           |   103 |   195 ||   298
  Eat: Chunk             |       |     4 ||     4
Armor: Scale mail        |    54 |    51 ||   105
       Chain mail        |       |    94 ||    94
Dodge: Dodged            |    48 |    61 ||   109
Block: Shield            |    54 |   113 ||   167

Table legend:
 A = Spawn XP
 B = Non-spawn XP
 C = Spawn XP percentage of total XP
 D = Spawn monster count
 E = Non-spawn monster count
 F = Spawn count percentage of total count
 G = Total turns spent on level
                    A         B        C        D         E        F      G
               +---------+---------+-------+---------+---------+-------+---------
         Total |       0 |     339 |   0.0 |       0 |      77 |   0.0 |  1663
               +---------+---------+-------+---------+---------+-------+---------
           D:1 |       0 |      55 |   0.0 |       0 |      28 |   0.0 |   411
           D:2 |       0 |     105 |   0.0 |       0 |      27 |   0.0 |   867
           D:3 |       0 |     179 |   0.0 |       0 |      22 |   0.0 |   385
               +---------+---------+-------+---------+---------+-------+---------
